 Dungeon Crawl Stone Soup version 0.31-a0-1338-gb567cfdca4 (webtiles) character file.

Game seed: 5561639973204415340

1120 grandjackal the Magician (level 8, -7/37 (41) HPs)
             Began as a Deep Elf Conjurer on Dec 22, 2023.
             Was an Initiate of Kikubaaqudgha.
             Succumbed to their own dark miasma
             ... on level 5 of the Dungeon.
             The game lasted 00:06:31 (4990 turns).

grandjackal the Magician (Deep Elf Conjurer)        Turns: 4990, Time: 00:06:31

HP:   -7/37 (41)    AC:  4    Str:  4    XL:     8   Next: 12%
MP:   19/21         EV: 17    Int: 26    God:    Kikubaaqudgha [......]
Gold: 59            SH:  0    Dex: 13    Spells: 2/22 levels left

rFire   . . .        o - staff of air
rCold   . . .        (no shield)
rNeg    . . .        a - +0 robe
rPois   .            (no helmet)
rElec   +            (no cloak)
rCorr   .            w - +0 pair of gloves
SInv    .            v - +0 pair of boots
Will    .....        (no amulet)
Stlth   ++           A - +5 ring of evasion
HPRegen 0.26/turn    (no ring)
MPRegen 0.17/turn

%: no passive effects
@: lethally poisoned (-7 -> -27), slowed, drained, very slow
A: no striking features
a: Renounce Religion


You were on level 5 of the Dungeon.
You worshipped Kikubaaqudgha.
Kikubaaqudgha was noncommittal.
You visited 1 branch of the dungeon, and saw 6 of its levels.

You collected 227 gold pieces.
You spent 168 gold pieces at shops.

Inventory:

Hand Weapons
 p - a +1 whip of draining
Missiles
 f - a throwing net
Armour
 a - a +0 robe (worn)
 v - a +0 pair of boots (worn)
 w - a +0 pair of gloves (worn)
 E - a +0 buckler
Magical Staves
 o - a staff of air (weapon)
Jewellery
 A - a +5 ring of evasion (left hand)
 B - a ring of ice
Wands
 x - a wand of digging (3)
Scrolls
 c - a scroll of enchant armour {unknown}
 h - 5 scrolls of identify {unknown}
 k - 3 scrolls of fear
 l - a scroll of immolation {unknown}
 m - 2 scrolls of blinking {unknown}
 n - 2 scrolls of enchant weapon {unknown}
 q - 2 scrolls of amnesia
 u - a scroll of vulnerability {unknown}
 y - a scroll of revelation {unknown}
 C - a scroll of summoning {unknown}
Potions
 b - a potion of magic
 d - 2 potions of haste {unknown}
 e - a potion of berserk rage {unknown}
 g - a potion of enlightenment {unknown}
 i - 3 potions of heal wounds {unknown}
 j - a potion of curing {unknown}
 r - 2 potions of attraction {unknown}
 s - a potion of ambrosia {unknown}
 t - 2 potions of lignification
 z - 2 potions of degeneration {unknown}
 D - a potion of mutation {unknown}


   Skills:
 - Level 2.4 Dodging
 - Level 2.4 Stealth
 + Level 7.5 Spellcasting
 - Level 7.3 Conjurations
 + Level 0.0 Necromancy
 + Level 4.3 Translocations
 + Level 0.0 Air Magic
 - Level 4.3 Alchemy


You had 2 spell levels left.
You knew the following spells:

 Your Spells              Type           Power      Damage    Failure   Level
a - Magic Dart            Conj           100%       1d8       1%          1
b - Searing Ray           Conj           94%        2d7       1%          2
c - Fulminant Prism       Conj/Alch      20%        3d12      5%          4
d - Iskenderun's Mystic   Conj/Tloc      40%        2d9       5%          4
e - Cigotuvi's Dreadful   Necr/Alch/Air  52%        N/A       4%          2
f - Dispel Undead         Necr           9%         3d8       52%         4
g - Gell's Gravitas       Tloc           32%        N/A       3%          3

Your spell library contained the following spells:

 Spells                   Type           Power      Damage    Failure   Level
 Lesser Beckoning         Tloc           64%        N/A       1%          2
 Teleport Other           Tloc           32%        N/A       3%          3
 Death Channel            Necr           4%         N/A       100%        6


Dungeon Overview and Level Annotations

Branches:
Dungeon (6/15)
 Temple: D:4-7

Altars:
Kikubaaqudgha

Shops:
D:2 *


Message History

Done exploring.
Done exploring.
This spell is dangerous to cast!
You start memorising the spell.
You continue memorising. x3
You finish memorising.
Spell assigned to 'g'.
There is a stone staircase leading down here.
You climb downwards.
The gnoll shouts! x2; The orc shouts!
The orc priest shouts!
You hear a howl!
You hear a bark!
The orc wizard shouts!
You hear a shout! x3
The gnoll sergeant shouts!
The orc shouts! x2; You hear a shout! x2
Found a stone staircase leading down.
There is a stone staircase leading up here.
There are monsters nearby!
Casting: Searing Ray (safe; 1% risk of failure)
Confirm with . or Enter, or press ? or * to list all spells.
Okay, then.
Casting: Searing Ray (safe; 1% risk of failure)
Confirm with . or Enter, or press ? or * to list all spells.
You feel a surge of power!
A part of your flesh rots into a cloud of miasma!
You feel drained.
A hound comes into view.
The orc priest calls down the wrath of Beogh upon you.
Beogh smites you!
The orc wizard gestures at you while chanting.
The puff of flame hits you!
* * * LOW HITPOINT WARNING * * *
A gnoll comes into view. It is wielding a +0 antimagic spear.
Unknown command.
You are engulfed in dark miasma.
You are lethally poisoned!
You feel yourself slow down.
* * * LOW HITPOINT WARNING * * *
x2 You feel very sick.
The gnoll shouts!
You hear a howl!
The orc throws a boomerang.
The boomerang completely misses you.
You hear a shout!
You climb upwards.
You die...
Kikubaaqudgha rasps: "You have failed me!
Welcome... death!"

#.##.####### #..#.......#
##...######.# ####.....##
#.############# ..........#
#....(........# ####.....##
###.....#####.# ##...##
#.....#####.# #..##
#...........###### #..#
#@....##..........
#..#########.....##.#########
#...........##.####.# #
#.#########.##.# #.# # ##.##
#.##.# #.# # #...##### #.##.#
#.###### # #.......####.##.#
#......# # #.....#.........#
######.# #
####....##.#.#..#########.# #


There were no monsters in sight!

Vanquished Creatures
  2 black bears
  3 phantoms
  6 scorpions
  2 jellies (D:5)
  5 hounds
  An iguana (D:4)
  4 adders
  A white imp (D:5)
  A bombardier beetle (D:5)
  2 ufetubi (D:5)
  A worm (D:2)
  3 orcs (D:4)
  8 ball pythons
  6 bats
  6 endoplasms
  4 giant cockroaches
  4 goblins
  10 hobgoblins
  4 jackals (D:1)
  8 kobolds
  2 quokkas
  2 frilled lizards
  5 rats
90 creatures vanquished.

Notes
Turn   | Place    | Note
-------+----------+-------------------------------------------
     0 | D:1      | grandjackal the Deep Elf Conjurer began the quest for the
                  | Orb.
     0 | D:1      | Reached XP level 1. HP: 10/10 MP: 6/6
   279 | D:1      | Reached XP level 2. HP: 15/15 MP: 6/8
   281 | D:1      | Found a faded altar of an unknown god.
  1050 | D:1      | Learned a level 2 spell: Searing Ray
  1069 | D:2      | Reached skill level 5 in Conjurations
  1069 | D:2      | Reached XP level 3. HP: 17/19 MP: 6/10
  1285 | D:2      | Found Sysarpho's General Store.
  1293 | D:2      | Bought a scroll of fear for 56 gold pieces
  1293 | D:2      | Bought a scroll of noise for 14 gold pieces
  1463 | D:2      | Noticed a scorpion
  1470 | D:2      | Killed a scorpion
  1471 | D:2      | Reached skill level 5 in Spellcasting
  1471 | D:2      | Reached XP level 4. HP: 24/24 MP: 1/13
  1623 | D:2      | Learned a level 4 spell: Fulminant Prism
  1628 | D:2      | Learned a level 4 spell: Iskenderun's Mystic Blast
  2142 | D:3      | Noticed a scorpion
  2150 | D:3      | Killed a scorpion
  2151 | D:3      | Reached skill level 1 in Translocations
  2151 | D:3      | Reached skill level 1 in Alchemy
  2151 | D:3      | Reached XP level 5. HP: 21/28 MP: 5/14
  2976 | D:2      | Bought a scroll of amnesia for 56 gold pieces
  2976 | D:2      | Bought a potion of lignification for 42 gold pieces
  3349 | D:4      | Reached XP level 6. HP: 32/32 MP: 10/16
  3592 | D:4      | Found an ancient bone altar of Kikubaaqudgha.
  3593 | D:4      | You fall into a shaft and drop 1 floor!
  3593 | D:5      | Entered Level 5 of the Dungeon
  3610 | D:5      | Reached XP level 7. HP: 36/36 MP: 13/18
  4015 | D:4      | Became a worshipper of Kikubaaqudgha
  4019 | D:4      | Learned a level 2 spell: Cigotuvi's Dreadful Rot
  4024 | D:4      | Learned a level 4 spell: Dispel Undead
  4448 | D:5      | Reached XP level 8. HP: 37/41 MP: 14/20
  4969 | D:5      | Learned a level 3 spell: Gell's Gravitas
  4990 | D:5      | Succumbed to their own dark miasma

Illustrated notes

Levels and vault maps discovered:
D:1:      dpeg_arrival_rooms_c, layout_loops_ring,
          dreamdust_ecumenical_altar_angels_and_demons
D:2:      layout_basic, serial_shops, nicolae_square_shop, serial_bayou_pond_b,
          grunt_ministairs_3
D:3:      layout_loops_ring
D:4:      layout_basic, mainiacjoe_overflow_cross_hatched
D:5:      layout_loops_ring
D:6:      corexii_shack_village, layout_rooms, minmay_temple_entry_stoned_glass,
          uniq_jeremiah, uniq_crazy_yiuf_cottage

Skill      XL: |  1  2  3  4  5  6  7 |
---------------+----------------------+-----
Spellcasting   | 4 5 6 7 |  7.5
Conjurations   | 5 6 7 |  7.3
Translocations | 1 2 4 |  4.3
Alchemy        | 1 2 4 |  4.3
Dodging        | |  2.4
Stealth        | |  2.4

Action                     |  1- 3 |  4- 6 |  7- 9 || total
---------------------------+-------+-------+-------++-------
  Melee: Unarmed           |     1 |       |       ||     1
   Cast: Magic Dart        |    59 |    56 |    11 ||   126
         Searing Ray       |     6 |    10 |    19 ||    35
         Cigotuvi's Dreadf |       |       |     1 ||     1
 Armour: Robe              |     6 |     7 |     6 ||    19
  Dodge: Dodged            |    11 |     7 |    33 ||    51

Table legend: (Time is in decaauts)
 A = Elapsed time spent in this place.
 B = Non-inter-level travel time spent in this place.
 C = Inter-level travel time spent in this place.
 D = Time resting spent in this place.
 E = Time spent auto-exploring this place.
 F = Levels seen in this place.
 G = Mean time per level.
                   A        B        C        D        E       F      G
               +--------+--------+--------+--------+--------+-----+--------+
         Total |   4989 |   4769 |    220 |   1009 |   3190 |   6 |  831.5 |
       Dungeon |   4989 |   4769 |    220 |   1009 |   3190 |   6 |  831.5 |
               +--------+--------+--------+--------+--------+-----+--------+

Top non-repeatable levels by time:
     D:2: 1091 daAuts
     D:1: 1066 daAuts
     D:5: 1003 daAuts
     D:4: 966 daAuts
     D:3: 859 daAuts
     D:6: 2 daAuts
